Map: Darkness Sanctuary LE

Players

Serral - Winner!

  • Race: Zerg Zerg
  • Spawn Location: 7:00

Scarlett

  • Race: Zerg Zerg
  • Spawn Location: 1:00

Event: WCS Valencia 2018

VOD

Have the link to the VOD?

Description

Time

  • Played on: July 13, 2018, 4:50 a.m.
  • Length: 9:05

All games in this series

Show
View Real Time Build Order
Export as new Build Order

Serral Zerg - Winner!

Build Orders: Hatch First 

Get SALT Encoding   

  12  0:00  Drone  
  13  0:12  Overlord  
  13  0:17  Drone  
  14  0:31  Drone x2  
  16  0:48  Hatchery  
  15  0:52  Drone  
  15  0:55  Drone  
  17  0:58  Drone  
  18  1:09  Extractor  
  17  1:14  Spawning Pool  
  17  1:17  Drone  
  17  1:20  Drone  
  18  1:29  Drone  
  19  1:38  Drone  
  20  1:49  Overlord  
  20  1:53  Evolution Chamber  
  19  2:00  Queen x2  
  23  2:01  Zergling x2  
  23  2:05  Zergling x2  
  25  2:11  Drone  
  25  2:12  Drone  
  27  2:26  Drone  
  27  2:28  Drone, Zerg Ground Armor Level 1  
  29  2:33  Drone  
  30  2:38  Drone  
  30  2:43  Queen  
  33  2:51  Overlord  
  32  2:53  Drone x2  
  32  2:55  Drone  
  35  3:05  Metabolic Boost  
  35  3:11  Overlord  
  35  3:13  Drone  
  35  3:14  Drone x3  
  35  3:18  Zergling x2  
  35  3:19  Drone  
  41  3:21  Drone  
  41  3:25  Drone  
  43  3:28  Overlord  
  43  3:33  Spore Crawler  
  42  3:36  Overlord  
  42  3:40  Spine Crawler  
  42  3:43  Drone  
  42  3:44  Drone  
  42  3:47  Zergling x8  
  48  3:53  Overlord  
  48  3:56  Zergling x4  
  48  3:57  Zergling x2  
  51  4:03  Zergling x2  
  51  4:09  Zergling x2  
  53  4:12  Overlord  
  54  4:17  Hatchery  
  53  4:24  Lair  
  53  4:26  Zerg Missile Weapons Level 1  
  53  4:28  Drone x5  
  53  4:29  Extractor x2  
  56  4:34  Roach Warren  
  56  4:35  Zergling x2  
  56  4:36  Zergling x2  
  57  4:43  Drone  
  57  4:44  Drone x2  
  60  4:46  Overlord  
  60  4:52  Zergling x6  
  63  5:01  Drone x2  
  65  5:09  Overlord  
  65  5:23  Glial Reconstitution  
  65  5:26  Overlord, Drone  
  66  5:34  Unknown  
  66  5:47  Roach x13  
  92  5:56  Roach x3  
  96  6:04  Roach x3  
  96  6:11  Overlord  
  102  6:13  Roach x5  
  102  6:14  Zergling x2  
  102  6:17  Overlord  
  102  6:18  Overlord  
  113  6:27  Zergling x2  
  113  6:29  Burrow  
  113  6:33  Overlord  
  113  6:34  Zergling x10  
  113  6:39  Zergling x4  
  120  6:43  Zergling x12  
  120  6:45  Ravager  
  122  6:54  Zergling x10  
  126  6:58  Zergling x4  
  126  6:59  Queen x2  
  111  7:08  Zergling x2  
  111  7:12  Zergling x14  
  110  7:18  Zergling x10  
  105  7:27  Zergling x4  
  100  7:34  Queen  
  100  7:35  Zergling x6, Queen  
  86  7:45  Zergling x6  
  86  7:46  Nydus Network, Zergling x2  
  82  8:11  Spore Crawler  
  82  8:12  Spore Crawler x2  
  79  8:13  Queen x3  
  81  8:22  Roach x4  
  89  8:28  Nydus Canal  
  89  8:30  Roach x2  
  92  8:39  Roach x4  
Show
View Real Time Build Order
Export as new Build Order

Scarlett Zerg 

Build Orders: Hatch First 

Get SALT Encoding   

  12  0:00  Drone  
  13  0:12  Overlord  
  13  0:17  Drone  
  14  0:30  Drone x2  
  16  0:48  Hatchery  
  15  0:51  Drone  
  15  0:54  Drone  
  17  0:58  Drone  
  18  1:10  Extractor  
  17  1:13  Spawning Pool  
  17  1:16  Drone  
  17  1:19  Drone  
  18  1:27  Drone  
  19  1:38  Drone  
  20  1:49  Drone  
  21  1:59  Overlord  
  21  2:00  Queen x2  
  21  2:01  Zergling x2  
  26  2:09  Metabolic Boost  
  26  2:12  Drone x2  
  28  2:23  Drone x2  
  30  2:33  Drone  
  30  2:34  Drone  
  32  2:42  Overlord  
  32  2:46  Hatchery  
  32  2:49  Drone  
  32  2:53  Drone  
  32  2:57  Baneling Nest  
  32  2:59  Drone  
  32  3:01  Queen  
  35  3:06  Zergling x2  
  35  3:07  Drone x2  
  35  3:10  Drone  
  39  3:13  Drone  
  39  3:15  Drone  
  39  3:18  Drone  
  39  3:19  Drone  
  43  3:22  Overlord  
  43  3:30  Zergling x2  
  43  3:40  Overlord  
  43  3:41  Drone x7  
  49  3:47  Lair  
  50  3:49  Extractor  
  50  3:52  Drone x2  
  50  3:53  Drone  
  52  3:56  Overlord, Extractor  
  51  4:03  Overlord  
  51  4:04  Drone  
  51  4:07  Drone  
  51  4:09  Extractor  
  52  4:10  Drone x2  
  52  4:12  Drone  
  52  4:13  Drone x3  
  52  4:16  Zergling x2  
  58  4:25  Zergling x6  
  58  4:28  Zergling x4  
  64  4:31  Zergling x2  
  64  4:35  Baneling x2  
  64  4:39  Zergling x4  
  64  4:42  Zergling x8  
  64  4:43  Evolution Chamber  
  69  4:49  Queen  
  71  4:53  Spire  
  71  4:54  Zergling x8  
  71  4:56  Overseer  
  74  5:04  Overlord x2  
  74  5:07  Baneling x2  
  74  5:12  Overlord  
  74  5:13  Drone  
  74  5:14  Drone  
  76  5:15  Zerg Melee Weapons Level 1  
  76  5:18  Drone x2  
  78  5:25  Overlord  
  78  5:29  Drone x4  
  78  5:34  Overlord  
  82  5:41  Drone x4  
  86  5:48  Zergling x2  
  86  5:49  Zergling x2  
  88  6:04  Drone x3  
  88  6:06  Mutalisk x7, Zerg Flyer Weapons Level 1  
  88  6:10  Extractor  
  88  6:11  Extractor  
  102  6:12  Drone x2  
  102  6:15  Drone  
  102  6:16  Drone  
  102  6:17  Drone  
  107  6:24  Mutalisk x2  
  111  6:26  Zergling x2  
  111  6:30  Spine Crawler, Zergling x12  
  111  6:31  Zergling x6  
  119  6:35  Spine Crawler  
  119  6:37  Mutalisk, Spine Crawler  
  119  6:40  Baneling x4  
  119  6:43  Zergling x4  
  121  6:54  Zergling x6  
  120  6:56  Zergling x6  
  120  7:00  Zergling x8, Queen  
  90  7:08  Mutalisk x4  
  90  7:09  Zergling x2  
  93  7:18  Zergling x6  
  84  7:28  Zergling x10  
  65  7:47  Zergling x4  
  67  7:53  Baneling x2  
  67  7:59  Drone x4  
  71  8:07  Drone x3  
  71  8:08  Drone  
  74  8:18  Drone x2  
  74  8:19  Drone x2  
  82  8:34  Drone x2  
  84  8:44  Zergling x10  
Tags
 
Add a new tag
Caveats
  • Supply blocks, unpowered buildings, or Contaminate may cause inaccurate times.
  • Supply counts are checked every 10 seconds.